 Dungeon Crawl Stone Soup version 0.31-a0-986-g5e6e4ef867 (webtiles) character file.

Game seed: 10905419980252606867

457 FakeRyeBread the Cudgeller (level 7, -2/44 HPs)
             Began as a Gargoyle Fighter on Nov 8, 2023.
             Was an Initiate of Okawaru.
             Killed from afar by a steam dragon (11 damage)
             ... with a ball of steam
             ... on level 5 of the Dungeon.
             The game lasted 00:12:37 (4669 turns).

FakeRyeBread the Cudgeller (Gargoyle Fighter)       Turns: 4669, Time: 00:12:37

Health: -2/44      AC: 15    Str: 22    XL:     7   Next: 6%
Magic:  7/7        EV:  8    Int:  8    God:    Okawaru [......]
Gold:   1071       SH:  8    Dex:  9    Spells: 6/6 levels left

rFire   . . .        k - +2 whip (holy)
rCold   . . .        s - +0 kite shield
rNeg    + . .        b - +0 scale mail
rPois   ∞            (no helmet)
rElec   +            (no cloak)
rCorr   .            (no gloves)
SInv    .            n - +2 pair of boots
Will    .....        (no amulet) Stlth
                     (no ring)
HPRegen 0.27/turn    (no ring)
MPRegen 0.10/turn

%: no passive effects
@: no status effects
A: sickness immunity, AC +4, negative energy resistance 1, electricity
resistance, torment resistance 1, petrification resistance
a: Renounce Religion


You were on level 5 of the Dungeon.
You worshipped Okawaru.
Okawaru was noncommittal.
You visited 1 branch of the dungeon, and saw 5 of its levels.
You also visited: Sewer.

You collected 1071 gold pieces.

Inventory:

Hand Weapons
 k - a +2 whip of holy wrath (weapon)
Missiles
 i - 3 javelins
Armour
 b - a +0 scale mail (worn)
 n - a +2 pair of boots (worn)
 s - a +0 kite shield (worn)
Jewellery
 c - a ring of wizardry
Scrolls
 o - 5 scrolls of fear
 q - a scroll of fog {unknown}
 t - a scroll of amnesia
Potions
 a - a potion of cancellation {unknown}
 d - 3 potions of might
 e - a potion of heal wounds
 f - a potion of curing
 g - 4 potions of haste
 h - a potion of mutation
 j - a potion of enlightenment
 l - a potion of degeneration {unknown}
 m - 3 potions of resistance
 p - a potion of brilliance {unknown}
 r - a potion of berserk rage {unknown}


   Skills:
 + Level 4.8 Fighting
 * Level 4.8 Maces & Flails
 + Level 4.7 Armour
 + Level 4.7 Shields


You had 6 spell levels left.
You didn't know any spells.
Your spell library contained the following spells:

 Spells                   Type           Power      Damage    Failure   Level
 Apportation              Tloc           0%         N/A       94%         1
 Necrotise                Necr           0%         1d4       94%         1
 Jinxbite                 Hex            0%         N/A       98%         2
 Petrify                  Tmut/Erth      0%         N/A       100%        4
 Alistair's Intoxication  Tmut/Pois      0%         N/A       100%        5
 Orb of Destruction       Conj           0%         9d5       100%        7
 Summon Guardian Golem    Hex/Summ       Unusable   N/A       N/A         3
 Animate Armour           Summ/Erth      Unusable   N/A       N/A         4
 Death Channel            Necr           Unusable   N/A       N/A         6
 Spellforged Servitor     Conj/Summ      Unusable   N/A       N/A         7

Dungeon Overview and Level Annotations

Branches:
Dungeon (5/15)              Sewer (visited)
 Temple: D:4-7

Altars:
Makhleb
Okawaru
Sif Muna


Innate Abilities, Weirdness & Mutations

You are immune to sickness and miasma.
Your stone body is resilient. (AC +4)
You are immune to poison.
You resist negative energy. (rN+)
You are resistant to electric shocks. (rElec)
You are resistant to unholy torment.
You are immune to petrification.


Message History

The centaur shoots an arrow.
You block the arrow.
A steam dragon comes into view.
The steam dragon hisses angrily.
The centaur unwields a +0 shortbow.
You block the centaur's attack.
The centaur kicks you but does no damage.
You hit the centaur but do no damage. The centaur barely misses you.
The centaur completely misses you.
You closely miss the centaur.
The centaur hits you but does no damage.
The centaur kicks you. The centaur barely misses you.
The centaur closely misses you.
You barely miss the centaur. The centaur hits you.
You block the centaur's attack.
The centaur wields a +0 shortbow.
The centaur shoots an arrow.
The arrow hits you but does no damage. The steam dragon breathes steam at you.
The ball of steam hits you.
The centaur shoots an arrow.
You block the arrow.
The centaur is engulfed in a cloud of scalding steam.
The centaur is engulfed in a cloud of scalding steam. x2
The centaur unwields a +0 shortbow.
You block the centaur's attack.
The centaur kicks you but does no damage.
The centaur is engulfed in a cloud of scalding steam.
The centaur wields a +0 shortbow.
The centaur shoots an arrow.
You block the arrow.
The centaur is engulfed in a cloud of scalding steam.
The centaur shoots an arrow.
The arrow hits you but does no damage.
The centaur shoots an arrow.
The arrow hits you. You block the steam dragon's attack.
The steam dragon claws you but does no damage.
The centaur shoots an arrow.
The arrow hits you!
The centaur shoots an arrow.
The arrow hits you but does no damage.
The steam dragon attacks as it pursues you!
The steam dragon bites you. You block the steam dragon's attack.
The steam dragon breathes steam at you. The ball of steam hits you!
* * * LOW HITPOINT WARNING * * *
You are engulfed in a cloud of scalding steam.
The steam dragon breathes steam at you. The ball of steam hits you!
You die...

###........ #######..
######## ##..
#######......## ##...
#.............## ##....
...########....#########
##...## ..##
#........Dc..####...##
###
#......§§#...c....###
#..##..@#####§§....#
#..####.## ##.....# #..#
#.# #.c...#### #..# #.#
#.......). ..# #.#
##......... #.#
#......#### .. #.....##
#. #......#### #.#
##..........


You could see a steam dragon (catching breath).

Vanquished Creatures
  An ice beast (D:3)
  2 hounds (D:4)
  4 gnolls (D:2)
  10 adders
  2 river rats (Sewer)
  A shadow imp (D:5)
  4 dart slugs
  17 orcs
  6 endoplasms
  5 giant cockroaches
  5 goblins
  3 hobgoblins
  11 jackals
  21 kobolds
  5 quokkas
  14 ball pythons
  4 bats
  6 frilled lizards
  22 rats
143 creatures vanquished.

Notes
Turn   | Place    | Note
-------+----------+-------------------------------------------
     0 | D:1      | FakeRyeBread the Gargoyle Fighter began the quest for the
                  | Orb.
     0 | D:1      | Reached XP level 1. HP: 14/14 MP: 1/1
   125 | D:1      | Reached XP level 2. HP: 19/19 MP: 2/2
   452 | D:1      | Reached XP level 3. HP: 23/23 MP: 3/3
   724 | D:2      | Identified the of Baxkimuz
  1049 | D:2      | Reached XP level 4. HP: 20/29 MP: 4/4
  1850 | D:3      | Found a burning altar of Makhleb.
  1909 | D:3      | Noticed an ice beast
  1937 | D:3      | Killed an ice beast
  1938 | D:3      | Reached XP level 5. HP: 21/33 MP: 5/5
  1998 | D:3      | Found a glowing drain.
  2035 | Sewer    | Entered a sewer
  2163 | Sewer    | Reached XP level 6. HP: 39/39 MP: 6/6
  3191 | D:3      | Found a faded altar of an unknown god.
  3810 | D:4      | Found an iron altar of Okawaru.
  3815 | D:4      | Became a worshipper of Warmaster Okawaru
  3909 | D:4      | Found a shimmering blue altar of Sif Muna.
  4097 | D:4      | Identified a scroll of acquirement
  4097 | D:4      | Acquired 879 gold pieces
  4116 | D:5      | Entered Level 5 of the Dungeon
  4205 | D:4      | Reached XP level 7. HP: 43/44 MP: 7/7
  4650 | D:5      | Noticed a steam dragon
  4669 | D:5      | Killed from afar by a steam dragon

Illustrated notes

Levels and vault maps discovered:
D:1:      minmay_arrival_diagonal_passages, layout_loops_ring
D:2:      layout_loops_corners, serial_forest, infiniplex_forest_lined_2,
          infiniplex_forest_clump_curved, infiniplex_forest_end_double,
          infiniplex_forest_lined_2, infiniplex_forest_corner_2,
          infiniplex_forest_clump_long, infiniplex_forest_corner_2,
          infiniplex_forest_lined_3
D:3:      layout_basic, mainiacjoe_overflow_24_doors,
          shapermc_ecumenical_altar_mp_highgroup, portal_sewer_entry_a,
          grunt_ministairs_8, minmay_misc_feat_chi
D:4:      layout_loops_ring, mainiacjoe_overflow_alcove_2, kennysheep_mini
D:5:      layout_layer_cave, uniq_grinder

Skill      XL: |  1  2  3  4 |
---------------+-------------+-----
Maces & Flails | 3 4 |  4.8
Shields        | 4 |  4.7
Fighting       | 4 |  4.8
Armour         | 4 |  4.7

Action                     |  1- 3 |  4- 6 |  7- 9 || total
---------------------------+-------+-------+-------++-------
  Melee: Flail             |    88 |       |       ||    88
         Whip              |    32 |   353 |    38 ||   423
    Use: Potion            |     1 |     1 |       ||     2
         Scroll            |       |    15 |       ||    15
 Armour: Scale mail        |    95 |   285 |    31 ||   411
  Dodge: Dodged            |    63 |   172 |    14 ||   249
  Block: Buckler           |    24 |    93 |       ||   117
         Kite shield       |       |    11 |    24 ||    35

Table legend: (Time is in decaauts)
 A = Elapsed time spent in this place.
 B = Non-inter-level travel time spent in this place.
 C = Inter-level travel time spent in this place.
 D = Time resting spent in this place.
 E = Time spent auto-exploring this place.
 F = Levels seen in this place.
 G = Mean time per level.
                   A        B        C        D        E       F      G
               +--------+--------+--------+--------+--------+-----+--------+
         Total |   4689 |   4283 |    406 |    247 |   2758 |   6 |  781.5 |
       Dungeon |   3958 |   3552 |    406 |    219 |   2368 |   5 |  791.6 |
         Sewer |    731 |    731 |      0 |     28 |    390 |   1 |  731.0 |
               +--------+--------+--------+--------+--------+-----+--------+

Top non-repeatable levels by time:
     D:2: 1075 daAuts
     D:3: 809 daAuts
     D:4: 782 daAuts
     D:1: 752 daAuts
   Sewer: 731 daAuts
     D:5: 539 daAuts
